 Dungeon Crawl Stone Soup version 0.24.0 (webtiles) character file.

Game seed: 2789523649775341775, levelgen mode: deterministic

15528 Buxparty the Carver (level 12, -1/77 HPs)
             Began as a Gargoyle Fighter on Mar 21, 2020.
             Was an Initiate of Gozag.
             Incinerated by Azrael (4 damage)
             ... with a sticky flame
             ... on level 12 of the Dungeon.
             The game lasted 00:37:20 (9718 turns).

Buxparty the Carver (Gargoyle Fighter)              Turns: 9718, Time: 00:37:21

Health: -1/77      AC: 25    Str: 29    XL:     12   Next: 28%
Magic:  12/12      EV: 14    Int: 14    God:    Gozag
Gold:   1150       SH: 13    Dex: 14    Spells: 11/11 levels left

rFire    . . .     SeeInvis .   F - +3 falchion (freeze)
rCold    . . .     Gourm    .   c - +0 shield
rNeg     + . .     Faith    .   A - +1 plate armour
rPois    ∞         Spirit   .   (no helmet)
rElec    +         Reflect  .   C - +0 cloak
rCorr    +         Harm     .   (no gloves)
MR       .....                  (no boots)
Stlth    ..........             g - amulet of regeneration
HPRegen  0.62/turn              r - +4 ring of strength
MPRegen  0.13/turn              L - ring of resist corrosion

@: brilliant, agile, liquid flames, gold aura, berserk cooldown, hasted and
slowed, glowing
A: negative energy resistance 1, electricity resistance, unbreathing,
petrification resistance, rot immunity, AC +8
a: Potion Petition, Call Merchant, Bribe Branch, Renounce Religion


You were on level 12 of the Dungeon.
You worshipped Gozag.
Gozag was most pleased with you.
You were near starving.

You visited 1 branch of the dungeon, and saw 12 of its levels.
You also visited: Sewer and Bailey.

You collected 2482 gold pieces.
You paid 1332 gold pieces to Gozag.

Inventory:

Hand Weapons
 a - a +1 long sword
 F - a +3 falchion of freezing (weapon)
Armour
 c - a +0 shield (worn)
 A - a +1 plate armour (worn)
 C - a +0 cloak (worn)
Jewellery
 g - an amulet of regeneration (around neck)
 r - a +4 ring of strength (left hand)
 E - an uncursed ring of protection from cold
 I - an uncursed amulet of guardian spirit
 L - a ring of resist corrosion (right hand)
 N - an uncursed ring of protection from cold
Wands
 b - a wand of iceblast (18)
 p - a wand of disintegration (7)
 t - a wand of enslavement (5)
 z - a wand of acid (5)
 K - a wand of digging (7)
Scrolls
 e - 6 scrolls of remove curse
 l - 2 scrolls of enchant weapon
 m - 3 scrolls of immolation
 n - 10 scrolls of identify
 o - 2 scrolls of enchant armour
 q - a scroll of blinking {unknown}
 u - a scroll of fear
 v - 8 scrolls of teleportation {unknown}
 y - a scroll of fog {unknown}
 G - a scroll of amnesia
 H - a scroll of magic mapping
 J - a scroll of silence {unknown}
 M - a scroll of brand weapon {unknown}
Potions
 d - 2 potions of flight
 h - 5 potions of curing
 i - a potion of degeneration {unknown}
 k - 2 potions of brilliance
 s - a potion of haste {unknown}
 w - a potion of might
 B - a potion of resistance {unknown}
 D - a potion of ambrosia {unknown}
Miscellaneous
 j - a box of beasts
Comestibles
 f - 13 rations


   Skills:
 + Level 10.2 Fighting
 + Level 10.6 Long Blades
 + Level 10.2 Armour
 + Level 4.0 Dodging
 + Level 10.2 Shields


You had 11 spell levels left.
You didn't know any spells.
Your spell library contained the following spells:

 Spells                   Type           Power        Failure   Level  Hunger
 Corona                   Hex            #......      36%         1    ##.....
 Infusion                 Chrm           #...         36%         1    ##.....
 Ensorcelled Hibernation  Hex/Ice        #.....       47%         2    ###....
 Shroud of Golubria       Chrm/Tloc      #.....       47%         2    ###....
 Song of Slaying          Chrm           #.......     47%         2    ###....
 Confuse                  Hex            #.......     69%         3    ####...
 Dazzling Spray           Conj/Hex       #.....       69%         3    ####...
 Regeneration             Chrm/Necr      #.........   69%         3    ####...
 Spectral Weapon          Hex/Chrm       #.......     69%         3    ####...
 Tukima's Dance           Hex            #.......     69%         3    ####...


Dungeon Overview and Level Annotations

Branches:
Dungeon (12/15)            Temple (0/1) D:5            Lair (0/6) D:8
    Orc (0/2) D:11          Sewer (visited)          Bailey (visited)

Altars:
Ashenzari
Cheibriados
Dithmenos
Elyvilon
Gozag
Sif Muna
Trog
Xom

Shops:
D:8 *

Annotations:
D:12 Azrael, Snorg


Innate Abilities, Weirdness & Mutations

You are resistant to torment.
Your stone body is resilient. (AC +8)
You are immune to poison.
You resist negative energy. (rN+)
You are resistant to electric shocks. (rElec)
You can survive without breathing.
You are immune to petrification.
You are immune to rotting.


Message History

Azrael hits you but does no damage. The fire elemental hits you.
The fire elemental burns you!
* * * LOW HITPOINT WARNING * * *
[a] - 450 gold - haste, brilliance and agility [b] - 260 gold - resistance and flight [c] - 550 gold - resistance, invisibility and agility Purchase which effect? [a] - 450 gold - haste, brilliance and agility [b] - 260 gold - resistance and flight [c] - 550 gold - resistance, invisibility and agility Purchase which effect? [a] - 450 gold - haste, brilliance and agility [b] - 260 gold - resistance and flight [c] - 550 gold - resistance, invisibility and agility Purchase which effect?
You feel yourself speed up.
You feel clever all of a sudden.
You feel agile all of a sudden.
You are covered in liquid flames!
You die...
Your body crumbles into a pile of gold.

..........○###################.
...............................
...............................
...............................
...>...).......................
...............................
............☼..................
##############RE...............
#@.#############(.
######.$$..............
.....T.$...............
.......>...............
.####################..
####################..
......................
......................
#####..#############.


You could see Snorg (unaware), Azrael and a fire elemental.

Vanquished Creatures
  Josephine (D:11)
  Harold (D:6)
  4 two-headed ogres
  Pikel (D:4)
  2 cyclopes
  2 orc knights (Bailey)
  2 ugly things (D:10)
  A troll (D:11)
  Prince Ribbit (D:8)
  2 hippogriffs
  A spriggan (D:7)
  5 yaks (D:11)
  3 wraiths (D:11)
  3 fire elementals (D:12)
  A wyvern (D:10)
  A steam dragon (D:10)
  Menkaure (D:4)
  An acid dragon (D:11)
  A soldier ant (D:11)
  A hell hound (D:12)
  An ice beast (D:7)
  3 slaves (D:4)
  A sky beast (D:6)
  A necrophage (D:6)
  3 ogres
  8 orc warriors
  A black bear (D:7)
  4 phantoms
  2 crocodiles
  6 bullfrogs
  A wyvern zombie (D:9)
  A wyvern skeleton (D:10)
  A water moccasin skeleton (D:6)
  A scorpion (D:5)
  4 killer bees (D:8)
  14 wights
  2 howler monkeys
  6 crimson imps
  9 orc priests
  A hound (D:7)
  Crazy Yiuf (D:7)
  3 jellies
  3 centaur skeletons
  2 iguanas
  17 orc wizards
  11 worker ants
  2 hound zombies
  A hound skeleton (D:6)
  A worker ant zombie (D:7)
  3 gnolls (D:7)
  10 adders
  3 river rats (Sewer)
  A shadow imp (D:6)
  2 adder skeletons
  3 worms
  A dart slug (D:1)
  6 leopard geckos
  52 orcs
  4 ball pythons (Sewer)
  3 giant cockroaches
  13 goblins
  10 hobgoblins
  4 jackals (D:2)
  21 kobolds
  A quokka (D:2)
  7 bats
  10 frilled lizards
  A quokka skeleton (D:4)
  12 rats
313 creatures vanquished.

Vanquished Creatures (others)
  A slave (D:4)
  A worker ant (D:4)
  An adder skeleton (D:7)
  A quokka (D:7)
4 creatures vanquished.

Grand Total: 317 creatures vanquished

Notes
Turn   | Place    | Note
-------+----------+-------------------------------------------
     0 | D:1      | Buxparty the Gargoyle Fighter began the quest for the Orb.
     0 | D:1      | Reached XP level 1. HP: 14/14 MP: 1/1
    70 | D:1      | Reached XP level 2. HP: 19/19 MP: 2/2
   406 | D:1      | Reached XP level 3. HP: 23/23 MP: 3/3
   616 | D:2      | Found a faded altar of an unknown god.
   727 | D:2      | Found a shadowy altar of Dithmenos.
   750 | D:2      | Found a shimmering altar of Xom.
   903 | D:2      | Found an opulent altar of Gozag.
   910 | D:2      | Became a worshipper of Gozag Ym Sagoz the Greedy
   999 | D:2      | Reached XP level 4. HP: 26/29 MP: 4/4
  1098 | D:2      | Found a shimmering blue altar of Sif Muna.
  1871 | D:4      | Noticed a slave
  1871 | D:4      | Noticed a slave
  1871 | D:4      | Noticed a slave
  1908 | D:4      | Killed a slave
  1923 | D:4      | Killed a slave
  1978 | D:4      | Killed a slave
  2008 | D:4      | Noticed Pikel
  2014 | D:4      | Noticed a slave
  2015 | D:4      | Reached XP level 5. HP: 31/33 MP: 5/5
  2031 | D:4      | Killed Pikel
  2031 | D:4      | Reached skill level 5 in Fighting
  2031 | D:4      | Reached XP level 6. HP: 37/40 MP: 6/6
  2031 | D:4      | Reached XP level 7. HP: 41/44 MP: 7/7
  2071 | D:4      | Noticed Menkaure
  2080 | D:4      | Killed Menkaure
  2080 | D:4      | Reached skill level 5 in Long Blades
  2080 | D:4      | Reached skill level 5 in Armour
  2080 | D:4      | Reached skill level 5 in Shields
  2410 | D:5      | Entered Level 5 of the Dungeon
  2475 | D:5      | Found a glowing drain.
  2479 | Sewer    | Entered a sewer
  2723 | Sewer    | Reached XP level 8. HP: 49/49 MP: 8/8
  3470 | D:5      | Found a staircase to the Ecumenical Temple.
  4395 | D:6      | Reached XP level 9. HP: 48/56 MP: 9/9
  4746 | D:7      | Found a snail-covered altar of Cheibriados.
  4785 | D:7      | Found a white marble altar of Elyvilon.
  4938 | D:7      | Noticed a two-headed ogre
  4945 | D:7      | Killed a two-headed ogre
  4993 | D:7      | Found a runed translucent door.
  4994 | D:7      | Noticed Crazy Yiuf
  5003 | D:7      | Killed Crazy Yiuf
  5129 | D:7      | Found a white marble altar of Elyvilon.
  5305 | D:7      | Noticed Harold
  5349 | D:6      | Killed Harold
  5349 | D:6      | Reached XP level 10. HP: 57/64 MP: 10/10
  5386 | D:7      | Found a shattered altar of Ashenzari.
  5386 | D:7      | Found a bloodstained altar of Trog.
  5714 | D:8      | You fall into a shaft and drop 2 floors!
  5714 | D:10     | Entered Level 10 of the Dungeon
  6088 | D:8      | Found a flagged portal.
  6110 | Bailey   | Entered a bailey
  6150 | Bailey   | Noticed an orc knight
  6177 | Bailey   | Killed an orc knight
  6218 | Bailey   | Noticed an orc knight
  6271 | Bailey   | Killed an orc knight
  6489 | D:8      | Noticed Prince Ribbit
  6490 | D:8      | Found Nyje's General Store.
  6744 | D:8      | Found a staircase to the Lair.
  6765 | D:8      | Killed Prince Ribbit
  6970 | D:9      | Reached XP level 11. HP: 69/69 MP: 11/11
  7157 | D:9      | Reached skill level 1 in Dodging
  8265 | D:11     | Noticed a white ugly thing
  8267 | D:11     | Noticed a white ugly thing
  8296 | D:10     | Killed a white ugly thing
  8296 | D:10     | Reached skill level 10 in Long Blades
  8367 | D:10     | Killed a white ugly thing
  8483 | D:11     | Noticed a cyclops
  8500 | D:11     | Killed a cyclops
  8546 | D:11     | Noticed Josephine
  8573 | D:11     | Killed Josephine
  9186 | D:11     | Found a staircase to the Orcish Mines.
  9243 | D:12     | Noticed a two-headed ogre
  9261 | D:12     | Killed a two-headed ogre
  9261 | D:12     | Reached XP level 12. HP: 77/77 MP: 12/12
  9268 | D:12     | Reached skill level 10 in Shields
  9298 | D:12     | Reached skill level 10 in Fighting
  9341 | D:12     | Noticed a two-headed ogre
  9388 | D:12     | Killed a two-headed ogre
  9388 | D:12     | Reached skill level 10 in Armour
  9517 | D:12     | Noticed a two-headed ogre
  9530 | D:12     | Killed a two-headed ogre
  9631 | D:12     | Noticed Azrael
  9716 | D:12     | Noticed Snorg
  9717 | D:12     | HP: 3/77 [fire elemental[Azrael] (3)]
  9718 | D:12     | Incinerated by Azrael

Levels and vault maps discovered:
D:1:      eino_arrival_water_cross, layout_loops_ring
D:2:      layout_rooms, lemuel_blue_sif_altar, lemuel_round_altar,
          nicolae_dithmenos_shadow_blocks, lemuel_round_altar,
          chequers_ecumenical_altar_simple
D:3:      layout_basic
D:4:      layout_rooms, first_ration, uniq_pikel, uniq_menkaure
D:5:      layout_basic, minmay_temple_entry_junction, gup_sewer_entry_bowl
D:6:      layout_loops_ring
D:7:      cheibrodos_quashed, layout_rooms, cheibriados_altar_1,
          nicolae_overflow_hidden_temple, basic_altar, the_bakery,
          elyvilon_altar_4, uniq_harold, uniq_crazy_yiuf_cottage
D:8:      layout_loops_ring, lair_entry_dummy, enter_bailey_3, serial_shops,
          shop, uniq_prince_ribbit1
D:9:      layout_irregular_city, kennysheep_small_circle
D:10:     layout_cave_pools
D:11:     layout_basic, orc_0_dummy, uniq_josephine
D:12:     layout_long_grid, grunt_ministairs_12, uniq_snorg, uniq_nergalle,
          uniq_azrael, uniq_sonja
